 Dungeon Crawl Stone Soup version 0.22-a0-456-g11ed031 (webtiles) character file.

6976 n0claF the Fighter (level 10, -4/82 HPs)
             Began as a Demonspawn Gladiator on June 6, 2018.
             Was a High Priest of Okawaru.
             Slain by a killer bee (7 damage)
             ... on level 10 of the Dungeon on June 7, 2018.
             The game lasted 00:35:13 (9424 turns).

n0claF the Fighter (Demonspawn Gladiator)           Turns: 9424, Time: 00:35:14

Health: -4/82      AC: 23    Str: 17    XL:     10   Next: 81%
Magic:  10/10      EV:  9    Int: 10    God:    Okawaru [*****.]
Gold:   358        SH:  4    Dex: 15    Spells: 9/9 levels left

rFire    . . .     SeeInvis .   y - +0 great sword
rCold    . . .     Gourm    .   (shield currently unavailable)
rNeg     . . .     Faith    .   u - +0 plate armour
rPois    .         Spirit   .   n - +0 helmet
rElec    .         Reflect  +   (no cloak)
rCorr    .         Harm     .   (no gloves)
MR       .....                  (no boots)
Stlth    ..........             i - +4 amulet of reflection
HPRegen  0.23/turn              (no ring)
MPRegen  0.12/turn              (no ring)

@: lethally poisoned (-4 -> -12), sanguine armour
A: talons 2, nightstalker 1, rot immunity, sanguine armour 2
a: Heroism, Finesse, Renounce Religion


You were on level 10 of the Dungeon.
You worshipped Okawaru.
Okawaru was extremely pleased with you.
You were not hungry.

You visited 1 branch of the dungeon, and saw 10 of its levels.

You collected 520 gold pieces.
You spent 162 gold pieces at shops.

Inventory:

Hand Weapons
 t - a +1 long sword of freezing
 y - a +0 great sword (weapon)
 F - a +3 long sword
Missiles
 d - 4 throwing nets
 C - 8 poisoned javelins (quivered)
Armour
 n - a +0 helmet (worn)
 u - a +0 plate armour (worn)
Jewellery
 b - an uncursed ring of protection from magic {unknown}
 i - a +4 amulet of reflection (around neck)
 D - a cursed ring of teleportation {unknown}
 H - a +6 amulet of reflection
Wands
 x - a wand of flame (13)
 A - a wand of scattershot (5)
 B - a wand of random effects (30)
 G - a wand of polymorph (10)
Scrolls
 a - 3 scrolls of remove curse
 c - 3 scrolls of random uselessness {unknown}
 g - 2 scrolls of immolation {unknown}
 h - 4 scrolls of teleportation {unknown}
 j - 3 scrolls of noise {unknown}
 l - 11 scrolls of identify {unknown}
 o - a scroll of acquirement {unknown}
 p - 4 scrolls of amnesia {unknown}
 v - a scroll of enchant weapon {unknown}
 I - a scroll of fog {unknown}
 J - a scroll of enchant armour {unknown}
 K - a scroll of summoning {unknown}
Potions
 e - a potion of flight
 k - a potion of haste
 m - a potion of curing
 q - a potion of mutation {unknown}
 r - 2 potions of agility {unknown}
 s - a potion of brilliance {unknown}
 w - 2 potions of cancellation {unknown}
 z - a potion of degeneration {unknown}
 E - a potion of might {unknown}
Comestibles
 f - 9 rations


   Skills:
 + Level 8.6 Fighting
 + Level 8.1 Long Blades
 - Level 1.7 Throwing
 + Level 7.6 Armour
 + Level 8.2 Dodging


You had 9 spell levels left.
You didn't know any spells.
Your spell library contained the following spells:

 Spells                   Type           Power        Failure   Level  Hunger
 Magic Dart               Conj           #...         100%        1    ##.....
 Throw Frost              Conj/Ice       #.....       100%        2    ###....
 Iskenderun's Mystic Bla  Conj           #.......     100%        4    #####..
 Freeze                   Ice            #...         100%        1    ##.....
 Summon Ice Beast         Ice/Summ       #.......     100%        4    #####..
 Ozocubu's Armour         Chrm/Ice       #.......     100%        3    ####...
 Throw Icicle             Conj/Ice       #.......     100%        4    #####..
 Fulminant Prism          Conj/Hex       #.........   100%        4    #####..
 Dazzling Spray           Conj/Hex       #.....       100%        3    ####...
 Force Lance              Conj/Tloc      #.......     100%        4    #####..
 Searing Ray              Conj           #.....       100%        2    ###....


Dungeon Overview and Level Annotations

Branches:
Dungeon (10/15)            Temple (0/1) D:6            Lair (0/6) D:8
    Orc: D:9-12

Altars:
Ashenzari
Dithmenos
Gozag
Makhleb
Nemelex Xobeh
Okawaru
Wu Jian
Zin

Shops:
D:4 (


Innate Abilities, Weirdness & Mutations

You have razor-sharp toenails.
You are slightly more attuned to the shadows.
You are immune to rotting.
When seriously injured, your bleeding wounds create thick armour. (AC +9)


Message History

Your kick misses the killer bee.
The killer bee is severely wounded.
The hound bites you.
* * * LOW HITPOINT WARNING * * *
Your plate armour prevents you from hitting the hound.
You claw the hound, but do no damage.
The hound is lightly wounded.
* * * LOW HITPOINT WARNING * * *
You feel sick.
The killer bee stings you but does no damage. x2
The hound bites you but does no damage. The killer bee barely misses you.
You riposte.
You closely miss the killer bee.
The killer bee is severely wounded.
The hound barely misses you.
You slash the hound!
You kill the hound!
Okawaru accepts your kill.
* * * LOW HITPOINT WARNING * * *
You feel sick. You block the killer bee's attack. The killer bee stings you!
You die...

#. .. .. .#
###.##.#
#y......
#@#.#
###†#.#
#...<.#...
#.......#
#.........#
###.......#
.......#.#
#####.#.#.#
#.#.# .


You could see a killer bee.

Vanquished Creatures
  The ghost of GameOver the Magician, a novice NaWz of Kikubaaqudgha (D:8)
  Grinder (D:5)
  The ghost of Karim the Vexing, an amateur GnAM (D:4)
  A hippogriff (D:9)
  5 yaks (D:8)
  Sigmund (D:6)
  Eustachio (D:6)
  2 hungry ghosts
  Menkaure (D:4)
  3 sky beasts
  An orc warrior (D:9)
  2 ice beasts
  2 black bears
  4 ogres
  A phantom (D:5)
  A centaur (D:5)
  5 bullfrogs
  3 scorpions
  13 wights
  19 killer bees
  A crimson imp (D:4)
  A bullfrog zombie (D:9)
  2 orc priests
  A bullfrog skeleton (D:4)
  10 hounds
  8 orc wizards
  A centaur skeleton (D:5)
  An iguana (D:9)
  Natasha (twice) (D:4)
  8 worker ants
  A hound zombie (D:7)
  2 worker ant zombies (D:8)
  7 gnolls (D:3)
  10 adders
  3 shadow imps
  5 oozes
  2 adder skeletons (D:8)
  A worm (D:3)
  4 dart slugs (D:3)
  5 leopard geckos
  17 orcs
  A ball python (D:2)
  6 bats
  10 giant cockroaches
  7 hobgoblins
  6 jackals
  5 quokkas
  A ball python skeleton (D:7)
  5 frilled lizards
  A giant cockroach zombie (D:6)
  8 goblins
  5 kobolds
  A quokka skeleton (D:6)
  7 rats
223 creatures vanquished.

Vanquished Creatures (others)
  A worker ant (D:8)
1 creature vanquished.

Grand Total: 224 creatures vanquished

Notes
Turn   | Place    | Note
-------+----------+-------------------------------------------
     0 | D:1      | n0claF the Demonspawn Gladiator began the quest for the Orb.
     0 | D:1      | Reached XP level 1. HP: 16/16 MP: 1/1
   114 | D:1      | Gained mutation: You have sharp toenails. [demonic ancestry]
   114 | D:1      | Reached XP level 2. HP: 22/22 MP: 2/2
   157 | D:1      | Reached skill level 1 in Armour
   180 | D:1      | Reached XP level 3. HP: 19/28 MP: 3/3
   987 | D:2      | Reached XP level 4. HP: 29/34 MP: 4/4
  1796 | D:3      | Found an opulent altar of Gozag.
  1804 | D:3      | Found an iron altar of Okawaru.
  1814 | D:3      | Gained mutation: You have razor-sharp toenails. [demonic ancestry]
  1814 | D:3      | Reached XP level 5. HP: 41/41 MP: 5/5
  1819 | D:3      | Became a worshipper of Warmaster Okawaru
  1899 | D:3      | HP: 2/41 [gnoll/halberd of venom (3)]
  2501 | D:4      | Found Esepn's Antique Weapon Boutique.
  2509 | D:4      | Bought a glowing long sword for 162 gold pieces
  2579 | D:4      | Noticed an ogre
  2585 | D:4      | Killed an ogre
  2585 | D:4      | Gained mutation: When seriously injured, your bleeding wounds create armour. (AC +9) [demonic ancestry]
  2585 | D:4      | Reached XP level 6. HP: 21/47 MP: 6/6
  2739 | D:4      | Noticed Karim's ghost (amateur GnAM)
  2769 | D:4      | Killed Karim's ghost
  2769 | D:4      | Reached * piety under Okawaru
  2769 | D:4      | Gained mutation: When seriously injured, your bleeding wounds create thick armour. (AC +9) [demonic ancestry]
  2769 | D:4      | Reached XP level 7. HP: 35/54 MP: 7/7
  2876 | D:4      | Noticed Natasha
  2884 | D:4      | Killed Natasha
  3026 | D:4      | Noticed Natasha
  3031 | D:4      | Killed Natasha
  3035 | D:4      | Noticed Menkaure
  3045 | D:4      | Killed Menkaure
  3045 | D:4      | Reached ** piety under Okawaru
  3466 | D:5      | Entered Level 5 of the Dungeon
  3484 | D:4      | Reached skill level 5 in Fighting
  3484 | D:4      | Reached skill level 5 in Long Blades
  3484 | D:4      | Reached skill level 5 in Dodging
  3484 | D:4      | Gained mutation: You are immune to rotting. [demonic ancestry]
  3484 | D:4      | Reached XP level 8. HP: 31/62 MP: 8/8
  3871 | D:5      | Noticed Grinder
  3928 | D:5      | Paralysed by Grinder for 5 turns
  3946 | D:5      | Killed Grinder
  3946 | D:5      | Reached *** piety under Okawaru
  4253 | D:5      | Found an ornate altar of the Wu Jian Council.
  4465 | D:5      | Reached skill level 5 in Armour
  4540 | D:6      | Noticed Eustachio
  4559 | D:6      | Killed Eustachio
  4562 | D:6      | Found a staircase to the Ecumenical Temple.
  4624 | D:6      | Received a gift from Okawaru
  4624 | D:6      | Reached XP level 9. HP: 61/69 MP: 9/9
  4691 | D:6      | Found a shattered altar of Ashenzari.
  4999 | D:6      | Noticed Sigmund
  5017 | D:6      | Killed Sigmund
  5149 | D:6      | Found a glowing silver altar of Zin.
  5517 | D:7      | Reached **** piety under Okawaru
  6533 | D:7      | Found a burning altar of Makhleb.
  6755 | D:8      | Found a staircase to the Lair.
  6757 | D:8      | Noticed GameOver's ghost (novice NaWz)
  6821 | D:8      | Killed GameOver's ghost
  6821 | D:8      | Received a gift from Okawaru
  6821 | D:8      | Gained mutation: You are slightly more attuned to the shadows. [demonic ancestry]
  6821 | D:8      | Reached XP level 10. HP: 26/79 MP: 10/10
  7081 | D:8      | Reached ***** piety under Okawaru
  7539 | D:8      | Found a sparkling altar of Nemelex Xobeh.
  7657 | D:8      | Found a shadowy altar of Dithmenos.
  9390 | D:10     | Entered Level 10 of the Dungeon
  9423 | D:10     | HP: 3/82 [poisoned by a killer bee]
  9424 | D:10     | Slain by a killer bee

Vault maps used:
D:1:      dpeg_arrival_tiny_f, dk_noncrumbling_3
D:3:      overflow_temple_1_default, nicolae_overflow_crystal_walls,
          item_on_display_a
D:4:      kb_forest_paths, serial_shops, nicolae_shop_crystal, uniq_menkaure,
          uniq_natasha
D:5:      lemuel_doored_altar, first_ration, uniq_grinder
D:6:      kennysheep_mini_moat, kennysheep_mini, minmay_temple_entry_statues,
          uniq_sigmund, uniq_eustachio
D:7:      basic_altar, kennysheep_generic_room_8
D:8:      nemelex_xobeh_ov_fountains_minmay, dpeg_oklobed_lair, enter_bailey_2,
          basic_altar
D:10:     grunt_ogre_cave

Skill      XL: |  1  2  3  4  5  6  7  8  9 10 |
---------------+-------------------------------+-----
Armour         | 1 2 3 4 5 6 7 |  7.6
Long Blades    | 3 4 5 7 8 |  8.1
Dodging        | 3 4 5 6 7 8 |  8.2
Fighting       | 3 4 5 6 7 8 |  8.6
Throwing       | |  1.7

Action                   |  1- 3 |  4- 6 |  7- 9 | 10-12 || total
-------------------------+-------+-------+-------+-------++-------
Melee: Long sword        |    82 |   167 |   224 |       ||   473
       Kick              |    19 |    53 |   146 |    82 ||   300
       Great sword       |       |       |   165 |   218 ||   383
Throw: Throwing net      |       |       |     3 |       ||     3
       Javelin           |       |       |    13 |       ||    13
Invok: Heroism           |       |       |     3 |     1 ||     4
  Use: Potion            |       |     1 |     3 |     2 ||     6
       Scroll            |       |       |     1 |       ||     1
 Stab: Confused          |       |       |     1 |       ||     1
  Eat: Chunk             |       |     6 |     5 |     1 ||    12
       Ration            |       |       |     5 |     3 ||     8
Armor: Leather armour    |    11 |       |       |       ||    11
       Scale mail        |    15 |    15 |       |       ||    30
       Chain mail        |       |    90 |    18 |       ||   108
       Plate armour      |       |       |   236 |   208 ||   444
Dodge: Dodged            |    59 |    72 |   149 |   164 ||   444
Block: Other             |     3 |    29 |    65 |    74 ||   171
       Reflection        |     1 |       |       |       ||     1
       Rpst.: Long sword |    21 |    16 |    13 |       ||    50
       Great sword       |       |       |    24 |    53 ||    77

Table legend:
 A = Spawn XP
 B = Non-spawn XP
 C = Spawn XP percentage of total XP
 D = Spawn monster count
 E = Non-spawn monster count
 F = Spawn count percentage of total count
 G = Total turns spent on level
                    A         B        C        D         E        F      G
               +---------+---------+-------+---------+---------+-------+---------
         Total |       0 |    9966 |   0.0 |       0 |     224 |   0.0 |  9424
               +---------+---------+-------+---------+---------+-------+---------
           D:1 |       0 |      44 |   0.0 |       0 |      16 |   0.0 |   628
           D:2 |       0 |     110 |   0.0 |       0 |      34 |   0.0 |   956
           D:3 |       0 |     187 |   0.0 |       0 |      34 |   0.0 |   916
           D:4 |       0 |    1158 |   0.0 |       0 |      21 |   0.0 |  1039
           D:5 |       0 |    1021 |   0.0 |       0 |      20 |   0.0 |  1001
           D:6 |       0 |     853 |   0.0 |       0 |      19 |   0.0 |   889
           D:7 |       0 |    1466 |   0.0 |       0 |      24 |   0.0 |  1288
           D:8 |       0 |    2843 |   0.0 |       0 |      26 |   0.0 |  1229
           D:9 |       0 |    1869 |   0.0 |       0 |      24 |   0.0 |  1444
          D:10 |       0 |     415 |   0.0 |       0 |       6 |   0.0 |    34
               +---------+---------+-------+---------+---------+-------+---------
